2377 views
Uploaded 2023-12-30 03:52:03
Game version 1.36 (6115)
34:39 long 2on2 ladder game on (4)TidewaterGlades_S2_v1.1
Saved by GIGA
2377 views
Uploaded 2023-12-30 03:52:03
Game version 1.36 (6115)
34:39 long 2on2 ladder game on (4)TidewaterGlades_S2_v1.1


87 units @ 12.7k
/ 2.1k
41 buildings @ 7.6k
/ 3.4k


| Rod of Necromancy | 2 | 300 |
| Ritual Dagger | 1 | 125 |
| Potion of Healing | 3 | 450 |
| Orb of Corruption | 1 | 375 |
| Potion of Mana | 1 | 200 |
| Scroll of Town Portal | 2 | 700 |
| Dust of Appearance | 3 | 225 |
| total: | 13 | 2375g |
| Acolyte | 3 | 225 | / | 0 |
| Ghoul | 3 | 360 | / | 0 |
| Crypt Fiend | 8 | 1720 | / | 320 |
| Meat Wagon | 16 | 3680 | / | 800 |
| Obsidian Statue | 1 | 200 | / | 35 |
| total: | 31 | 6185g | / | 1155w |
| Nerubian Tower | 1 | 100 | / | 20 |
| Spirit Tower | 2 | 290 | / | 80 |
| Crypt | 1 | 200 | / | 50 |
| Graveyard | 1 | 215 | / | 0 |
| Altar of Darkness | 1 | 180 | / | 50 |
| Ziggurat | 7 | 1050 | / | 350 |
| Tomb of Relics | 1 | 130 | / | 30 |
| Necropolis | 2 | 450 | / | 0 |
| Slaughterhouse | 1 | 140 | / | 135 |
| Halls of the Dead | 1 | 320 | / | 210 |
| Black Citadel | 1 | 325 | / | 230 |
| total: | 14 | 2365g | / | 615w |
| 0:03 | Acolyte |
| 0:05 | Acolyte |
| 0:11 | Crypt |
| 0:17 | Graveyard |
| 0:41 | Altar of Darkness |
| 1:00 | Ziggurat |
| 1:11 | Tomb of Relics |
| 1:22 | Ghoul |
| 1:51 | Crypt Fiend |
| 2:03 | Ziggurat |
| 2:23 | Crypt Fiend |
| 2:52 | Rod of Necromancy |
| 2:54 | Death Coil |
| 3:02 | Crypt Fiend |
| 3:25 | Crypt Fiend |
| 4:11 | Ghoul |
| 4:35 | Halls of the Dead |
| 4:56 | Ghoul |
| 5:24 | Ziggurat |
| 5:30 | Crypt Fiend |
| 5:30 | Crypt Fiend |
| 5:46 | Unholy Aura |
| 6:44 | Death Coil |
| 6:49 | Creature Attack |
| 6:49 | Creature Carapace |
| 7:20 | Nerubian Tower |
| 7:22 | Rod of Necromancy |
| 7:23 | Ritual Dagger |
| 7:32 | Black Citadel |
| 7:42 | Potion of Healing |
| 8:01 | Slaughterhouse |
| 8:11 | Frost Nova |
| 8:51 | Ziggurat |
| 9:10 | Meat Wagon |
| 9:10 | Meat Wagon |
| 10:13 | Scroll of Town Portal |
| 10:14 | Orb of Corruption |
| 10:17 | Disease Cloud |
| 10:30 | Crypt Fiend |
| 10:30 | Crypt Fiend |
| 11:21 | Acolyte |
| 11:53 | Improved Creature Attack |
| 11:53 | Improved Creature Carapace |
| 12:06 | Dust of Appearance |
| 12:59 | Meat Wagon |
| 12:59 | Meat Wagon |
| 13:13 | Necropolis |
| 13:53 | Meat Wagon |
| 14:19 | Spirit Tower |
| 14:51 | Potion of Mana |
| 15:38 | Meat Wagon |
| 15:38 | Meat Wagon |
| 15:57 | Necropolis |
| 16:00 | Meat Wagon |
| 16:00 | Meat Wagon |
| 17:02 | Ziggurat |
| 17:02 | Ziggurat |
| 17:03 | Ziggurat |
| 18:02 | Frost Armor |
| 18:11 | Meat Wagon |
| 18:11 | Meat Wagon |
| 19:36 | Meat Wagon |
| 19:37 | Meat Wagon |
| 19:37 | Meat Wagon |
| 20:00 | Unholy Strength |
| 20:12 | Dust of Appearance |
| 20:18 | Meat Wagon |
| 20:45 | Unholy Armor |
| 23:05 | Scroll of Town Portal |
| 23:06 | Potion of Healing |
| 23:11 | Meat Wagon |
| 23:33 | Web |
| 23:37 | Obsidian Statue |
| 24:20 | Dust of Appearance |
| 24:23 | Potion of Healing |
| Right click | 1529 |
| Select group | 752 |
| Select | 391 |
| Build/train/purchase | 89 |
| Assign group | 79 |
| Use ability | 41 |
| Misc. action | 18 |
| Item give/drop | 5 |
| Minimap ping | 4 |
| Remove unit | 2 |


| Staff of Preservation | 2 | 300 |
| Scroll of Town Portal | 1 | 350 |
| Staff of Teleportation | 1 | 150 |
| total: | 4 | 800g |
| Wisp | 32 | 1920 | / | 0 |
| Archer | 7 | 910 | / | 70 |
| Druid of the Claw | 7 | 1785 | / | 560 |
| Mountain Giant | 2 | 700 | / | 200 |
| Hippogryph | 3 | 480 | / | 60 |
| Druid of the Talon | 5 | 725 | / | 100 |
| total: | 56 | 6520g | / | 990w |
| Altar of Elders | 1 | 180 | / | 50 |
| Moon Well | 9 | 1620 | / | 360 |
| Ancient of War | 1 | 150 | / | 60 |
| Hunter's Hall | 1 | 210 | / | 100 |
| Ancient of Wonders | 2 | 180 | / | 60 |
| Tree of Life | 5 | 1700 | / | 925 |
| Ancient of Lore | 3 | 465 | / | 435 |
| Ancient of Wind | 3 | 450 | / | 420 |
| Chimaera Roost | 2 | 280 | / | 380 |
| Tree of Ages | 2 | 640 | / | 360 |
| Tree of Eternity | 2 | 660 | / | 400 |
| total: | 27 | 5235g | / | 2790w |
| 0:01 | Wisp |
| 0:07 | Altar of Elders |
| 0:11 | Wisp |
| 0:16 | Moon Well |
| 0:24 | Wisp |
| 0:40 | Ancient of War |
| 0:43 | Wisp |
| 0:58 | Wisp |
| 0:58 | Wisp |
| 1:11 | Wisp |
| 1:25 | Moon Well |
| 1:33 | Wisp |
| 1:41 | Archer |
| 1:45 | Wisp |
| 1:56 | Moon Well |
| 2:17 | Mana Burn |
| 2:53 | Wisp |
| 2:53 | Wisp |
| 3:11 | Evasion |
| 3:16 | Archer |
| 3:21 | Tree of Ages |
| 3:33 | Archer |
| 4:10 | Hunter's Hall |
| 4:19 | Archer |
| 4:20 | Archer |
| 4:42 | Moon Well |
| 5:04 | Archer |
| 5:04 | Archer |
| 5:09 | Ancient of Wonders |
| 5:46 | Mana Burn |
| 5:47 | Improved Bows |
| 6:45 | Tree of Eternity |
| 6:47 | Ancient of Lore |
| 6:49 | Ancient of Lore |
| 6:57 | Ancient of Lore |
| 7:45 | Staff of Preservation |
| 8:01 | Druid of the Claw Adept Training |
| 8:02 | Druid of the Claw |
| 8:03 | Moon Well |
| 8:15 | Breath of Fire |
| 8:19 | Druid of the Claw |
| 8:51 | Druid of the Claw |
| 9:37 | Druid of the Claw Master Training |
| 9:42 | Strength of the Wild |
| 9:43 | Wisp |
| 9:43 | Wisp |
| 9:44 | Wisp |
| 9:46 | Wisp |
| 9:58 | Evasion |
| 9:59 | Drunken Haze |
| 10:45 | Druid of the Claw |
| 11:10 | Druid of the Claw |
| 11:11 | Wisp |
| 11:12 | Wisp |
| 11:12 | Wisp |
| 11:29 | Druid of the Claw |
| 11:30 | Wisp |
| 11:31 | Wisp |
| 11:58 | Staff of Preservation |
| 12:15 | Tree of Life |
| 12:19 | Wisp |
| 12:22 | Wisp |
| 13:03 | Breath of Fire |
| 13:38 | Druid of the Claw |
| 15:11 | Wisp |
| 15:11 | Wisp |
| 15:11 | Wisp |
| 15:12 | Wisp |
| 15:22 | Hardened Skin |
| 15:22 | Resistant Skin |
| 15:41 | Wisp |
| 15:55 | Mark of the Claw |
| 16:48 | Mountain Giant |
| 16:50 | Reinforced Hides |
| 16:51 | Improved Strength of the Wild |
| 16:56 | Mana Burn |
| 17:39 | Moon Well |
| 17:42 | Moon Well |
| 17:43 | Moon Well |
| 17:57 | Moon Well |
| 18:09 | Improved Reinforced Hides |
| 18:12 | Wisp |
| 18:12 | Wisp |
| 18:19 | Tree of Life |
| 18:56 | Mountain Giant |
| 19:08 | Scroll of Town Portal |
| 19:27 | Drunken Haze |
| 19:48 | Advanced Strength of the Wild |
| 20:28 | Chimaera Roost |
| 20:33 | Chimaera Roost |
| 20:36 | Tree of Life |
| 21:50 | Ancient of Wind |
| 21:52 | Ancient of Wind |
| 22:38 | Ancient of Wind |
| 23:45 | Tree of Life |
| 23:46 | Hippogryph |
| 23:46 | Hippogryph |
| 24:55 | Wisp |
| 24:55 | Wisp |
| 25:53 | Hippogryph |
| 26:14 | Wisp |
| 26:22 | Druid of the Talon Adept Training |
| 27:30 | Druid of the Talon |
| 27:30 | Druid of the Talon |
| 28:44 | Druid of the Talon |
| 28:44 | Druid of the Talon |
| 28:44 | Druid of the Talon |
| 30:14 | Staff of Teleportation |
| 31:58 | Tree of Life |
| 32:05 | Ancient of Wonders |
| Right click | 1382 |
| Assign group | 1132 |
| Select group | 595 |
| Select | 502 |
| Build/train/purchase | 130 |
| Use ability | 112 |
| Misc. action | 34 |
| Item give/drop | 9 |
79 units @ 8.6k
/ 1.2k
79 buildings @ 8k
/ 4k


| Scroll of Regeneration | 1 | 100 |
| total: | 1 | 100g |
| Peasant | 27 | 2025 | / | 0 |
| Footman | 8 | 1080 | / | 0 |
| Mortar Team | 8 | 1440 | / | 560 |
| Flying Machine | 16 | 1600 | / | 480 |
| total: | 59 | 6145g | / | 1040w |
| Scout Tower | 22 | 660 | / | 440 |
| Arcane Tower | 2 | 140 | / | 100 |
| Guard Tower | 10 | 700 | / | 500 |
| Altar of Kings | 1 | 180 | / | 50 |
| Farm | 14 | 1120 | / | 280 |
| Barracks | 1 | 160 | / | 60 |
| Arcane Vault | 2 | 260 | / | 60 |
| Blacksmith | 2 | 280 | / | 120 |
| Lumber Mill | 2 | 240 | / | 0 |
| Town Hall | 2 | 770 | / | 410 |
| Workshop | 3 | 420 | / | 420 |
| Gryphon Aviary | 1 | 140 | / | 150 |
| Keep | 1 | 320 | / | 210 |
| Castle | 1 | 360 | / | 210 |
| total: | 50 | 4230g | / | 1990w |
| 0:02 | Peasant |
| 0:03 | Peasant |
| 0:07 | Altar of Kings |
| 0:11 | Peasant |
| 0:21 | Farm |
| 0:22 | Peasant |
| 0:34 | Peasant |
| 0:40 | Barracks |
| 0:52 | Farm |
| 1:14 | Peasant |
| 1:21 | Peasant |
| 1:29 | Scout Tower |
| 1:34 | Scout Tower |
| 1:37 | Peasant |
| 1:39 | Peasant |
| 1:47 | Footman |
| 1:50 | Peasant |
| 1:57 | Arcane Vault |
| 2:02 | Peasant |
| 2:04 | Arcane Tower |
| 2:10 | Footman |
| 2:29 | Farm |
| 2:34 | Storm Bolt |
| 2:42 | Peasant |
| 3:14 | Peasant |
| 3:16 | Footman |
| 3:24 | Scroll of Regeneration |
| 3:27 | Peasant |
| 3:31 | Blacksmith |
| 3:33 | Scout Tower |
| 3:44 | Footman |
| 4:16 | Lumber Mill |
| 5:46 | Footman |
| 5:47 | Guard Tower |
| 6:43 | Footman |
| 6:58 | Footman |
| 7:03 | Town Hall |
| 7:07 | Scout Tower |
| 7:08 | Scout Tower |
| 7:21 | Scout Tower |
| 7:25 | Peasant |
| 7:27 | Defend |
| 7:30 | Peasant |
| 7:36 | Scout Tower |
| 7:38 | Improved Lumber Harvesting |
| 7:39 | Peasant |
| 7:50 | Bash |
| 7:53 | Guard Tower |
| 7:55 | Scout Tower |
| 8:06 | Guard Tower |
| 8:14 | Guard Tower |
| 8:26 | Guard Tower |
| 8:28 | Scout Tower |
| 8:30 | Scout Tower |
| 8:33 | Peasant |
| 8:33 | Peasant |
| 9:00 | Guard Tower |
| 9:01 | Keep |
| 9:04 | Scout Tower |
| 9:05 | Scout Tower |
| 9:10 | Peasant |
| 9:16 | Guard Tower |
| 10:04 | Guard Tower |
| 10:35 | Peasant |
| 10:35 | Peasant |
| 10:40 | Blacksmith |
| 10:43 | Scout Tower |
| 10:44 | Scout Tower |
| 10:48 | Footman |
| 11:24 | Castle |
| 11:29 | Workshop |
| 11:36 | Peasant |
| 11:36 | Peasant |
| 11:36 | Peasant |
| 11:51 | Guard Tower |
| 11:59 | Black Gunpowder |
| 12:07 | Farm |
| 12:44 | Farm |
| 12:45 | Mortar Team |
| 13:00 | Farm |
| 13:32 | Mortar Team |
| 13:32 | Mortar Team |
| 13:51 | Storm Bolt |
| 14:01 | Fragmentation Shards |
| 14:04 | Workshop |
| 14:08 | Workshop |
| 14:59 | Flare |
| 15:33 | Flak Cannons |
| 15:33 | Flying Machine Bombs |
| 15:37 | Refined Gunpowder |
| 15:39 | Farm |
| 15:42 | Farm |
| 15:43 | Farm |
| 15:43 | Farm |
| 15:46 | Farm |
| 17:15 | Flying Machine |
| 17:15 | Flying Machine |
| 17:15 | Flying Machine |
| 17:15 | Flying Machine |
| 17:16 | Flying Machine |
| 17:16 | Flying Machine |
| 17:16 | Flying Machine |
| 17:22 | Iron Plating |
| 17:25 | Farm |
| 17:27 | Farm |
| 17:53 | Scout Tower |
| 17:54 | Scout Tower |
| 17:56 | Scout Tower |
| 17:59 | Scout Tower |
| 18:00 | Scout Tower |
| 18:01 | Scout Tower |
| 18:02 | Scout Tower |
| 18:03 | Scout Tower |
| 18:43 | Flying Machine |
| 18:43 | Flying Machine |
| 18:51 | Lumber Mill |
| 19:05 | Arcane Tower |
| 19:57 | Flying Machine |
| 19:57 | Flying Machine |
| 20:10 | Guard Tower |
| 20:19 | Arcane Vault |
| 20:25 | Gryphon Aviary |
| 20:59 | Flying Machine |
| 21:10 | Imbued Gunpowder |
| 23:17 | Bladestorm |
| 23:35 | Divine Shield |
| 24:41 | Town Hall |
| 26:14 | Mortar Team |
| 26:20 | Peasant |
| 26:20 | Peasant |
| 28:57 | Mortar Team |
| 28:57 | Mortar Team |
| 29:04 | Mortar Team |
| 29:05 | Mortar Team |
| 30:52 | Bash |
| 31:39 | Flying Machine |
| 31:39 | Flying Machine |
| 31:40 | Flying Machine |
| 31:41 | Flying Machine |
| 31:45 | Farm |
| 31:58 | Holy Light |
| Right click | 1630 |
| Select group | 880 |
| Select | 386 |
| Build/train/purchase | 186 |
| Misc. action | 71 |
| Use ability | 63 |
| Assign group | 41 |
| Minimap ping | 9 |
| Remove unit | 2 |
| Esc | 1 |
GIGA
(207)
(34:35) : 
| Healing Salve | 2 | 200 |
| Potion of Healing | 1 | 150 |
| Potion of Mana | 2 | 400 |
| Lesser Clarity Potion | 4 | 280 |
| Orb of Lightning | 1 | 375 |
| Boots of Speed | 1 | 250 |
| Staff of Teleportation | 1 | 150 |
| Circlet of Nobility | 1 | 175 |
| total: | 13 | 1980g |
| Peon | 11 | 825 | / | 0 |
| Grunt | 3 | 600 | / | 0 |
| Troll Witch Doctor | 5 | 725 | / | 125 |
| Dark Troll Berserker | 1 | 255 | / | 30 |
| total: | 20 | 2405g | / | 155w |
| Watch Tower | 18 | 1980 | / | 1440 |
| Altar of Storms | 1 | 180 | / | 50 |
| Orc Burrow | 3 | 480 | / | 120 |
| Barracks | 1 | 180 | / | 50 |
| Voodoo Lounge | 2 | 260 | / | 60 |
| War Mill | 2 | 410 | / | 0 |
| Spirit Lodge | 2 | 300 | / | 300 |
| Stronghold | 1 | 315 | / | 190 |
| Fortress | 1 | 325 | / | 190 |
| total: | 29 | 3790g | / | 2020w |
| 0:03 | Peon |
| 0:03 | Peon |
| 0:07 | Altar of Storms |
| 0:10 | Orc Burrow |
| 0:24 | Peon |
| 0:38 | Barracks |
| 0:45 | Peon |
| 0:58 | Peon |
| 1:15 | Peon |
| 1:27 | Voodoo Lounge |
| 1:38 | Peon |
| 1:44 | Grunt |
| 2:01 | Orc Burrow |
| 2:07 | Peon |
| 2:11 | Wind Walk |
| 2:29 | War Mill |
| 2:56 | Grunt |
| 2:57 | Peon |
| 3:06 | Healing Salve |
| 4:08 | Peon |
| 4:08 | Peon |
| 4:09 | Grunt |
| 4:12 | Watch Tower |
| 4:13 | Watch Tower |
| 4:20 | Healing Salve |
| 4:22 | Critical Strike |
| 4:38 | Dark Troll Berserker |
| 5:29 | Stronghold |
| 6:07 | Wind Walk |
| 6:29 | Watch Tower |
| 6:30 | Watch Tower |
| 6:31 | Watch Tower |
| 7:41 | Boots of Speed |
| 7:50 | Fortress |
| 7:53 | Spirit Lodge |
| 8:04 | Critical Strike |
| 8:32 | Watch Tower |
| 8:33 | Watch Tower |
| 8:34 | Watch Tower |
| 8:37 | Reinforced Defenses |
| 9:07 | Witch Doctor Adept Training |
| 9:07 | Troll Witch Doctor |
| 9:08 | Troll Witch Doctor |
| 9:08 | Troll Witch Doctor |
| 9:32 | Staff of Teleportation |
| 9:38 | Circlet of Nobility |
| 9:48 | Watch Tower |
| 9:49 | Watch Tower |
| 9:50 | Watch Tower |
| 10:59 | Watch Tower |
| 11:15 | Watch Tower |
| 11:18 | Watch Tower |
| 11:25 | Witch Doctor Master Training |
| 11:29 | Orc Burrow |
| 11:36 | Potion of Healing |
| 11:39 | Potion of Mana |
| 11:43 | Lesser Clarity Potion |
| 11:54 | Orb of Lightning |
| 12:03 | Watch Tower |
| 12:59 | Troll Witch Doctor |
| 13:00 | Troll Witch Doctor |
| 13:07 | Watch Tower |
| 13:08 | Watch Tower |
| 13:15 | Holy Light |
| 13:41 | Watch Tower |
| 15:05 | Critical Strike |
| 16:18 | Voodoo Lounge |
| 16:23 | Spirit Lodge |
| 18:00 | War Mill |
| 19:44 | Lesser Clarity Potion |
| 23:26 | Lesser Clarity Potion |
| 23:29 | Potion of Mana |
| 24:58 | Lesser Clarity Potion |
| 34:11 | Mirror Image |
| Right click | 2721 |
| Select group | 1011 |
| Select | 303 |
| Build/train/purchase | 91 |
| Resource trade | 39 |
| Use ability | 24 |
| Minimap ping | 19 |
| Assign group | 12 |
| Item give/drop | 12 |
| Chat | 11 |
| Misc. action | 1 |
| Remove unit | 1 |
| Esc | 1 |